[Event "Titled Tuesday Blitz February 21 Early 2023"]
[White "Matko, Ognjen"]
[Black "Spata, German"]
[WhiteFideId "14509717"]
[BlackFideId "113026"]
[WhiteElo "2295"]
[BlackElo "2383"]
[Result "0-1"]
[Round "07"]
[TimeControl "180+2"]
[Date "2023.02.21"]
[WhiteClock "0:00:17"]
[BlackClock "0:00:16"]

1. e4 g6 2. d4 Bg7 3. Nc3 d6 4. h4 h6 5. Be2 a6 6. a4 b6 7. Be3 Bb7 8. Nf3 e6 9. Nd2 Nf6 10. f3 c5 11. dxc5 bxc5 12. Nc4 d5 13. Bxc5 dxc4 14. Qxd8+ Kxd8 15. Bxc4 Nfd7 16. O-O-O Kc8 17. Bd6 Nc6 18. Ne2 Rd8 19. c3 Nde5 20. Ba2 a5 21. f4 Ng4 22. Bc5 Kc7 23. e5 h5 24. Rhf1 Bf8 25. Bg1 Rxd1+ 26. Rxd1 Rd8 27. Rxd8 Nxd8 28. g3 Bc6 29. Bb3 Nb7 30. Nd4 Nc5 31. Kc2 Bxa4 32. Bxa4 Nxa4 33. Nf3 Be7 34. Nd2 Nb6 35. Bxb6+ Kxb6 36. Kd3 Kb5 37. b3 Bc5 38. Ne4 Nf2+ 39. Nxf2 Bxf2 40. g4 hxg4 41. h5 gxh5 42. f5 exf5 43. c4+ Kc5 44. e6 fxe6 45. Ke2 Bd4 46. Kd3 e5 47. Ke2 Kb4 48. Kf1 Kxb3 49. c5 Bxc5 50. Ke2 Kc4 51. Kf1 f4 52. Kg2 e4 53. Kf1 h4 54. Ke2 h3 0-1


[Site "https://www.chess.com"]

[Event "Titled Tuesday Blitz February 21 Early 2023"]
[White "Stijve, Theo"]
[Black "Kouskoutis, Georgios-Alexandros"]
[WhiteFideId "1331132"]
[BlackFideId "4234049"]
[WhiteElo "2351"]
[BlackElo "2295"]
[Result "1-0"]
[Round "07"]
[TimeControl "180+2"]
[Date "2023.02.21"]
[WhiteClock "0:00:15"]
[BlackClock "0:00:01"]

1. e4 c5 2. Nf3 e6 3. d4 cxd4 4. Nxd4 Nc6 5. Nc3 Qc7 6. Be2 a6 7. O-O b5 8. Nxc6 Qxc6 9. e5 Bb7 10. Bf3 Qc7 11. Bf4 Rc8 12. a4 b4 13. Ne4 f5 14. Nd6+ Bxd6 15. exd6 Qb8 16. Bh5+ Kf8 17. Be5 Rc5 18. Bxg7+ Kxg7 19. Qd4+ Nf6 20. Qxc5 Nxh5 21. Qxb4 Bc6 22. Qxb8 Rxb8 23. b3 Nf4 24. f3 Kf6 25. Kf2 a5 26. Rad1 e5 27. g3 Ng6 28. h4 h5 29. Rfe1 f4 30. Rd3 fxg3+ 31. Kxg3 Nf4 32. Rc3 Rg8+ 33. Kf2 Rg2+ 34. Kf1 Rd2 35. Rc5 Bxf3 36. Rexe5 Rd1+ 37. Kf2 Bg4 38. Re4 Nh3+ 39. Ke3 Rxd6 40. Rxa5 Rc6 41. c4 Ng1 42. Rf4+ Ke6 43. Rd5 Nf3 44. Re4+ 1-0


[Site "https://www.chess.com"]

[Event "Titled Tuesday Blitz February 21 Early 2023"]
[White "Alice, Mateus Felizardo Viageiro"]
[Black "Andreev, Eduard"]
[WhiteFideId "14800047"]
[BlackFideId "14103400"]
[WhiteElo "2202"]
[BlackElo "2413"]
[Result "0-1"]
[Round "07"]
[TimeControl "180+2"]
[Date "2023.02.21"]
[WhiteClock "0:00:07"]
[BlackClock "0:00:05"]

1. e4 c5 2. Nf3 d6 3. d4 cxd4 4. Nxd4 Nf6 5. Nc3 a6 6. f3 e5 7. Nb3 Be6 8. Be3 Be7 9. Qd2 h5 10. O-O-O Nbd7 11. Kb1 Rc8 12. Nd5 Nxd5 13. exd5 Bf5 14. Bd3 Bxd3 15. Qxd3 Bg5 16. Rhe1 O-O 17. g3 f5 18. f4 Bh6 19. Qe2 h4 20. fxe5 Bxe3 21. e6 Bg5 22. exd7 Qxd7 23. Nd4 Bf6 24. Ne6 Rfe8 25. Qd3 Qb5 26. Qxb5 axb5 27. Rf1 g6 28. g4 Be5 29. gxf5 gxf5 30. Rxf5 Bxh2 31. Rd4 Rc4 32. Rd2 Rg4 33. c3 Bg3 34. Rh5 Re7 35. Kc2 Rh7 36. Rf5 Rf7 37. Rh5 Be5 38. Kb3 Rh7 39. Rf5 Rh6 40. Rf8+ Kh7 41. Rdf2 Rhg6 42. R8f7+ Kh6 43. R7f3 Rg3 44. Rf5 h3 45. Nf8 Rg8 46. Ne6 Rg2 47. Rf1 h2 48. R5f3 Rg1 49. Rh3+ Kg6 50. Rff3 h1=Q 51. Rxh1 Rxh1 52. Nf4+ Bxf4 53. Rxf4 Kg5 54. Rb4 Rh7 55. Rxb5 Re8 56. a4 Re5 57. Kb4 Kf4 58. c4 Ke4 59. b3 Kd4 60. Rb6 Rd7 61. Kb5 Re3 62. b4 Rb3 63. Ka5 Kxc4 64. b5 Kxd5 0-1


[Site "https://www.chess.com"]

[Event "Titled Tuesday Blitz February 21 Early 2023"]
[White "Mamedov, Edgar"]
[Black "Liu, Casper"]
[WhiteFideId "13739980"]
[BlackFideId "1454153"]
[WhiteElo "2193"]
[BlackElo "2278"]
[Result "1-0"]
[Round "07"]
[TimeControl "180+2"]
[Date "2023.02.21"]
[WhiteClock "0:00:18"]
[BlackClock "0:01:33"]

1. d4 d5 2. Nf3 Nf6 3. c4 dxc4 4. e3 Bg4 5. Bxc4 e6 6. O-O a6 7. Be2 Bd6 8. Nbd2 c5 9. Nc4 cxd4 10. Nxd6+ Qxd6 11. Qxd4 Qxd4 12. Nxd4 Bxe2 13. Nxe2 O-O 14. f3 Nc6 15. e4 Rfd8 16. Bf4 Rac8 17. Rac1 Nd7 18. a3 e5 19. Be3 f6 20. Nc3 Kf7 21. Nd5 Nd4 22. Bxd4 exd4 23. Kf2 Ne5 24. Ke2 d3+ 25. Kd2 Nc4+ 26. Kxd3 Nxb2+ 27. Ke2 b5 28. Nb6 Rxc1 29. Rxc1 Rd3 30. Rc7+ Kg6 31. Nd5 Rxa3 32. Ne7+ Kg5 33. Nf5 g6 34. h4+ Kf4 35. g3+ Ke5 36. Re7# 1-0


[Site "https://www.chess.com"]

[Event "Titled Tuesday Blitz February 21 Early 2023"]
[White "Pranav, V"]
[Black "Khamdamova, Afruza"]
[WhiteFideId "25060783"]
[BlackFideId "14210444"]
[WhiteElo "2597"]
[BlackElo "2162"]
[Result "1/2-1/2"]
[Round "07"]
[TimeControl "180+2"]
[Date "2023.02.21"]
[WhiteClock "0:00:02"]
[BlackClock "0:00:10"]

1. Nf3 Nf6 2. g3 b6 3. Bg2 Bb7 4. O-O g6 5. d4 Bg7 6. c4 O-O 7. Nc3 Ne4 8. Qc2 Nxc3 9. bxc3 c5 10. Rd1 Nc6 11. dxc5 bxc5 12. Be3 Na5 13. Rab1 Ba6 14. Bxc5 Bxc4 15. Qa4 d5 16. Bb4 Nb7 17. Nd2 Bxe2 18. Re1 Bd3 19. Bxe7 Qc7 20. Bxf8 Rxf8 21. Rbc1 Nc5 22. Qa3 Bh6 23. f4 Qb6 24. Kh1 Rd8 25. h3 Bg7 26. Kh2 Ne4 27. Nxe4 dxe4 28. Rcd1 Rc8 29. c4 Bb2 30. Qa4 Bc3 31. Rg1 Bd4 32. Rh1 Bf2 33. Rhe1 Bxe1 34. Rxe1 Qf2 35. Rd1 Be2 36. Rd2 e3 37. Rb2 Rd8 38. Qxa7 Rd1 39. Qb8+ Kg7 40. Qe5+ Kh6 41. h4 Qg1+ 42. Kh3 Bf1 43. Qg5+ Kg7 44. Qe5+ Kh6 45. Qg5+ Kg7 46. Qe5+ Kh6 1/2-1/2


[Site "https://www.chess.com"]

[Event "Titled Tuesday Blitz February 21 Early 2023"]
[White "Howell, David W L"]
[Black "Manukyan, Artyom"]
[WhiteFideId "410608"]
[BlackFideId "13305786"]
[WhiteElo "2677"]
[BlackElo "2110"]
[Result "1-0"]
[Round "07"]
[TimeControl "180+2"]
[Date "2023.02.21"]
[WhiteClock "0:00:09"]
[BlackClock "0:00:06"]

1. c4 e6 2. Nc3 d5 3. d4 Nf6 4. cxd5 exd5 5. Bg5 c6 6. e3 Qb6 7. Qc2 Ne4 8. Bf4 Bf5 9. Bd3 Na6 10. a3 Qa5 11. Rc1 Nxc3 12. Qxc3 Qxc3+ 13. Rxc3 Bxd3 14. Rxd3 Kd7 15. Rb3 b6 16. Nf3 f6 17. Ke2 Bd6 18. Bg3 Nc7 19. Rc1 Ne6 20. Rbc3 Rhc8 21. Ne1 c5 22. dxc5 Rxc5 23. Nd3 Rxc3 24. Rxc3 Bxg3 25. hxg3 d4 26. exd4 Nxd4+ 27. Ke3 Ne6 28. g4 Re8 29. Kd2 Kd6 30. Rc4 a5 31. Re4 Rc8 32. b4 axb4 33. Rxb4 Kc6 34. Rc4+ Nc5 35. Nf4 Ra8 36. Rc3 Kd6 37. Ke3 Ra4 38. f3 g6 39. Ne2 b5 40. Nd4 b4 41. axb4 Rxb4 42. Rc2 Ra4 43. Rd2 Ra3+ 44. Ke2 Ke5 45. Nc6+ Ke6 46. Nd4+ Ke5 47. Nc6+ Ke6 48. Rc2 Nd7 49. Nd4+ Ke5 50. Nc6+ Ke6 51. Kf2 Ne5 52. Nd4+ Kd5 53. Ne2 Nd3+ 54. Kg3 Nc5 55. Rd2+ Ke6 56. Nf4+ Ke7 57. Re2+ Kf7 58. Rc2 Ra5 59. Rb2 Ra7 60. Rb5 Ne6 61. Nd5 Rd7 62. Ra5 Rb7 63. Ra6 Rd7 64. Ne3 Rb7 65. Nc4 Re7 66. Nd6+ Kg7 67. Ne4 Ng5 68. Nxf6 Ne6 69. Ne4 Re8 70. Ra7+ Kf8 71. Rxh7 Re7 72. Rxe7 Kxe7 73. Kh4 Kf7 74. Ng5+ Kf6 75. Nxe6 Kxe6 76. Kg5 Kf7 77. Kh6 1-0


[Site "https://www.chess.com"]

[Event "Titled Tuesday Blitz February 21 Early 2023"]
[White "Pakleza, Zbigniew"]
[Black "Baches Garcia, Guillermo"]
[WhiteFideId "1119290"]
[BlackFideId "2209764"]
[WhiteElo "2494"]
[BlackElo "2327"]
[Result "1-0"]
[Round "07"]
[TimeControl "180+2"]
[Date "2023.02.21"]
[WhiteClock "0:00:03"]
[BlackClock "0:00:01"]

1. d4 Nf6 2. Nf3 e6 3. Bf4 b6 4. e3 Bb7 5. h3 c5 6. c3 Be7 7. Nbd2 cxd4 8. cxd4 O-O 9. Bd3 Nc6 10. a3 d6 11. Qe2 Re8 12. O-O Bf8 13. Bh2 e5 14. dxe5 dxe5 15. Rfd1 Qe7 16. Bb5 e4 17. Bxc6 Bxc6 18. Nd4 Bd5 19. Bg3 Rac8 20. Rac1 Qb7 21. Nb5 Rc6 22. Rxc6 Bxc6 23. Rc1 Rc8 24. Nc3 Bd7 25. Be5 Be7 26. Bxf6 Bxf6 27. Ndxe4 Be5 28. Rd1 Bc6 29. Qg4 Re8 30. Nd6 Bxd6 31. Rxd6 g6 32. b4 h5 33. Qg5 Qc7 34. Rd3 a5 35. b5 Ba8 36. Nd5 Bxd5 37. Qxd5 Rc8 38. g3 h4 39. gxh4 Qe7 40. h5 gxh5 41. Qxh5 Rc5 42. Qf3 Kh7 43. Rd4 Rg5+ 44. Rg4 Rxg4+ 45. Qxg4 Qxa3 46. Qf5+ Kg7 47. Qe5+ Kg8 48. Qb8+ Kg7 49. Qxb6 Qb4 50. Qd4+ Qxd4 51. exd4 a4 52. b6 a3 53. b7 a2 54. b8=Q a1=Q+ 55. Kg2 Qxd4 56. Qg3+ Kf8 57. h4 Qe4+ 58. Kh2 Qe1 59. Kh3 f5 60. Qd6+ Kg7 61. Qd7+ Kg6 62. Qd6+ Kg7 63. Qg3+ Kf6 64. Qg5+ Ke5 65. Kg2 Qe4+ 66. Kh2 Qe2 67. Qg3+ Kf6 68. Kg2 1-0


[Site "https://www.chess.com"]

[Event "Titled Tuesday Blitz February 21 Early 2023"]
[White "Womacka, Mathias"]
[Black "EREBUNI91"]
[WhiteFideId "4611390"]
[WhiteElo "2396"]
[BlackElo "2722"]
[Result "0-1"]
[Round "07"]
[TimeControl "180+2"]
[Date "2023.02.21"]
[WhiteClock "0:00:02"]
[BlackClock "0:00:11"]

1. e4 c5 2. Nf3 d6 3. d4 cxd4 4. Nxd4 Nf6 5. Nc3 a6 6. Be2 e5 7. Nb3 Be7 8. O-O Be6 9. f4 exf4 10. Bxf4 Nc6 11. Kh1 d5 12. e5 Ne4 13. Bd3 Nxc3 14. bxc3 O-O 15. Nd4 Qd7 16. Nxe6 Qxe6 17. Qe2 f5 18. exf6 Qxe2 19. Bxe2 Bxf6 20. Rad1 Rad8 21. c4 Nd4 22. Bd3 dxc4 23. Bxc4+ Kh8 24. c3 Nc6 25. Bc7 Rxd1 26. Rxd1 Bxc3 27. Bd5 Re8 28. Kg1 g6 29. Kf1 Kg7 30. Bxc6 bxc6 31. Rc1 Rc8 32. Rxc3 Rxc7 33. Rc5 Kf6 34. Ke2 Ke6 35. Kd3 Kd6 36. Kc4 Rf7 37. Ra5 Rf2 38. Rxa6 Rxg2 39. h3 Rg3 40. a4 Rxh3 41. Ra7 Rh4+ 42. Kd3 Kc5 43. a5 h5 44. Rg7 Rg4 45. a6 Kb6 46. a7 Ra4 47. Rxg6 Rxa7 48. Ke3 Ra5 49. Kf3 Rd5 0-1


[Site "https://www.chess.com"]

[Event "Titled Tuesday Blitz February 21 Early 2023"]
[White "Alex_Sahakyan2006"]
[Black "Golubev, Mikhail"]
[BlackFideId "14100983"]
[WhiteElo "2664"]
[BlackElo "2461"]
[Result "1-0"]
[Round "07"]
[TimeControl "180+2"]
[Date "2023.02.21"]
[WhiteClock "0:00:58"]
[BlackClock "0:00:12"]

1. c4 g6 2. Nc3 Bg7 3. d4 d6 4. e4 Nf6 5. Bd3 O-O 6. Nge2 Nc6 7. O-O Nh5 8. Bc2 e5 9. Be3 Nf4 10. Qd2 exd4 11. Nxd4 Nxd4 12. Bxf4 Be6 13. b3 Qf6 14. e5 dxe5 15. Bg5 Qf3 16. gxf3 Nxf3+ 17. Kg2 Nxd2 18. Bxd2 c6 19. Rad1 f5 20. Be3 e4 21. Bd4 Bh6 22. Be5 f4 23. Bxe4 f3+ 24. Bxf3 Bh3+ 25. Kxh3 Rxf3+ 26. Kg2 Raf8 27. Ne4 R3f5 28. Bg3 Ra5 29. a4 1-0


[Site "https://www.chess.com"]

[Event "Titled Tuesday Blitz February 21 Early 2023"]
[White "Derix, Bernhard"]
[Black "Dauner, Benedikt"]
[WhiteFideId "4642368"]
[BlackFideId "16225899"]
[WhiteElo "2065"]
[BlackElo "2400"]
[Result "1-0"]
[Round "07"]
[TimeControl "180+2"]
[Date "2023.02.21"]
[WhiteClock "0:00:45"]
[BlackClock "0:00:03"]

1. e4 e6 2. d3 Ne7 3. Nf3 g6 4. g3 Bg7 5. Bg2 b6 6. O-O Bb7 7. h4 h6 8. Re1 d6 9. c3 Nd7 10. d4 a6 11. Nbd2 Nf6 12. a4 Qd7 13. e5 Ng4 14. Qe2 Nf5 15. Nc4 d5 16. Ncd2 a5 17. Nf1 Ba6 18. Qd1 h5 19. Ng5 c5 20. b3 Bf8 21. c4 Nxd4 22. cxd5 Rd8 23. Bb2 Be7 24. Bxd4 cxd4 25. d6 Bxg5 26. hxg5 d3 27. Rc1 Rc8 28. Qd2 Rxc1 29. Qxc1 O-O 30. f3 Rc8 31. Qd2 Rc2 32. Qf4 b5 33. fxg4 Qa7+ 34. Qe3 Qb8 35. Qxd3 Rxg2+ 36. Kxg2 Bb7+ 37. Kg1 Qa7+ 38. Qe3 Qa6 39. d7 Qc6 40. d8=Q+ Kh7 41. Qe4 Qc5+ 42. Qdd4 Qc7 43. Qf4 hxg4 44. Re2 bxa4 45. Rh2+ Kg8 46. Qf6 1-0


[Site "https://www.chess.com"]

[Event "Titled Tuesday Blitz February 21 Early 2023"]
[White "Belozerov, Andrei"]
[Black "Erzhanov, Arman"]
[WhiteFideId "4120213"]
[BlackFideId "4138821"]
[WhiteElo "2461"]
[BlackElo "2228"]
[Result "1-0"]
[Round "07"]
[TimeControl "180+2"]
[Date "2023.02.21"]
[WhiteClock "0:00:28"]
[BlackClock "0:00:35"]

1. e4 d6 2. d4 Nf6 3. Nc3 c6 4. f4 d5 5. e5 Ng8 6. Bd3 h5 7. Be3 g6 8. Nf3 Nh6 9. h3 Bf5 10. Bf2 Bxd3 11. Qxd3 Nf5 12. e6 Qd6 13. exf7+ Kxf7 14. Ne5+ Kg7 15. O-O-O Nd7 16. g4 hxg4 17. hxg4 Nh6 18. f5 Nxe5 19. dxe5 Qb4 20. Bd4 e6 21. f6+ Kf7 22. g5 c5 23. Be3 c4 24. Qe2 Qa5 25. gxh6 Bb4 26. Bd4 Bxc3 27. bxc3 Qxa2 28. Kd2 Qa4 29. h7 b5 30. Rh6 b4 31. Qg4 bxc3+ 32. Bxc3 Ke8 33. Qxe6+ Kd8 34. Ke3 Kc7 35. Rxd5 Rad8 36. Ba5+ 1-0


[Site "https://www.chess.com"]

[Event "Titled Tuesday Blitz February 21 Early 2023"]
[White "Zhukova, Natalia"]
[Black "Cuenca Jimenez, Jose Fernando"]
[WhiteFideId "14101513"]
[BlackFideId "2255570"]
[WhiteElo "2324"]
[BlackElo "2535"]
[Result "0-1"]
[Round "07"]
[TimeControl "180+2"]
[Date "2023.02.21"]
[WhiteClock "0:00:01"]
[BlackClock "0:00:04"]

1. c4 Nf6 2. Nc3 g6 3. e4 d6 4. d4 Bg7 5. f4 c5 6. d5 O-O 7. Nf3 e6 8. dxe6 fxe6 9. Bd3 Nc6 10. O-O a6 11. Be3 Ng4 12. Bd2 Nd4 13. Kh1 Nh6 14. Nxd4 cxd4 15. Na4 Bd7 16. c5 Bxa4 17. Qxa4 dxc5 18. Qb3 b5 19. Qxe6+ Kh8 20. b3 Rf6 21. Qh3 Rc8 22. Rac1 Rfc6 23. f5 gxf5 24. exf5 Qf6 25. g4 Nf7 26. Qh5 Bh6 27. Bxh6 Nxh6 28. g5 Qf7 29. Qh4 Ng8 30. g6 Qg7 31. Be4 R6c7 32. f6 Nxf6 33. Rxf6 c4 34. Rcf1 d3 35. Rf7 Rxf7 36. Rxf7 d2 37. Bc2 cxb3 0-1


[Site "https://www.chess.com"]

[Event "Titled Tuesday Blitz February 21 Early 2023"]
[White "TheKnightOfBosnia"]
[Black "Balabayeva, Xeniya"]
[BlackFideId "13719688"]
[WhiteElo "2616"]
[BlackElo "2191"]
[Result "0-1"]
[Round "07"]
[TimeControl "180+2"]
[Date "2023.02.21"]
[WhiteClock "0:00:53"]
[BlackClock "0:01:06"]

1. e4 c5 2. Nf3 e6 3. d4 cxd4 4. Nxd4 Nf6 5. Nc3 Nc6 6. Bf4 Bb4 7. Nb5 Nxe4 8. Qf3 d5 9. Nc7+ Ke7 10. Nxa8 Qa5 11. Bd2 Nxd2 12. Kxd2 d4 13. Qg3 dxc3+ 14. bxc3 Rd8+ 15. Bd3 Bxc3+ 16. Ke2 Nd4+ 17. Ke3 Bd2+ 18. Ke4 f5# 0-1


[Site "https://www.chess.com"]

[Event "Titled Tuesday Blitz February 21 Early 2023"]
[White "Aydincelebi, Kagan"]
[Black "Kejna, Piotr"]
[WhiteFideId "6361102"]
[BlackFideId "21821704"]
[WhiteElo "2280"]
[BlackElo "2027"]
[Result "1-0"]
[Round "07"]
[TimeControl "180+2"]
[Date "2023.02.21"]
[WhiteClock "0:00:35"]
[BlackClock "0:00:01"]

1. e4 c5 2. Nf3 d6 3. Bb5+ Bd7 4. Bxd7+ Qxd7 5. O-O Nf6 6. Re1 g6 7. c3 Bg7 8. d4 cxd4 9. cxd4 O-O 10. Nc3 Nc6 11. Bg5 Rac8 12. Qe2 Ne8 13. Rad1 Nc7 14. d5 Ne5 15. Nd4 Na6 16. Ndb5 Nc4 17. b3 Nb6 18. Nb1 Nb4 19. Rc1 Rxc1 20. Rxc1 f6 21. Be3 Nxa2 22. Rc7 Qe8 23. Nxa7 Nb4 24. Bxb6 f5 25. Qb5 Qxb5 26. Nxb5 fxe4 27. N1c3 Ra8 28. g3 Ra1+ 29. Kg2 Rc1 30. Nxe4 Rb1 31. Ng5 Rxb3 32. Rc8+ Bf8 33. Ne6 h5 34. Rxf8+ Kh7 35. Rf7+ Kh6 36. Be3+ g5 37. Rg7 h4 38. g4 Rxe3 39. fxe3 Nxd5 40. Rxg5 Nxe3+ 41. Kf3 Nf1 42. Nbd4 Nxh2+ 43. Kg2 b5 44. Nf5+ Kh7 45. Rg7+ Kh8 46. Nf4 h3+ 47. Kxh3 Nf3 48. Ng6# 1-0


[Site "https://www.chess.com"]

[Event "Titled Tuesday Blitz February 21 Early 2023"]
[White "Volkov, Maksim"]
[Black "Manukyan, Sargis V."]
[WhiteFideId "54123070"]
[BlackFideId "13303465"]
[WhiteElo "2258"]
[BlackElo "2253"]
[Result "0-1"]
[Round "07"]
[TimeControl "180+2"]
[Date "2023.02.21"]
[WhiteClock "0:00:05"]
[BlackClock "0:00:16"]

1. e4 c5 2. Nf3 Nc6 3. c4 g6 4. d4 cxd4 5. Nxd4 Bg7 6. Be3 Nf6 7. Nc3 Ng4 8. Qxg4 Nxd4 9. Qd1 Ne6 10. Be2 Qa5 11. Rc1 b6 12. O-O Bb7 13. f3 g5 14. Rf2 h5 15. Bf1 Bxc3 16. Rxc3 Qe5 17. Rd2 d6 18. Rb3 g4 19. Rb5 Qg7 20. f4 Bxe4 21. f5 Nc7 22. Bd4 f6 23. Rb3 Bxf5 24. Re3 O-O-O 25. b4 e5 26. Bb2 Qg5 27. Ra3 Kb8 28. Rxd6 Rxd6 29. Qxd6 g3 30. h3 Qg7 31. c5 Qf8 32. Qd2 Bc8 33. cxb6 axb6 34. Qe3 Qxb4 35. Rb3 Qa5 36. Rxb6+ Bb7 37. Rxf6 Nd5 38. Qxe5+ Ka7 39. Bd4+ Ka8 40. Re6 Rd8 41. Re8 Bc6 0-1


[Site "https://www.chess.com"]

[Event "Titled Tuesday Blitz February 21 Early 2023"]
[White "Poeta, Caio Medeiros"]
[Black "Pajeken, Jakob Leon"]
[WhiteFideId "2142660"]
[BlackFideId "12942839"]
[WhiteElo "2088"]
[BlackElo "2417"]
[Result "0-1"]
[Round "07"]
[TimeControl "180+2"]
[Date "2023.02.21"]
[WhiteClock "0:00:36"]
[BlackClock "0:01:04"]

1. d4 d5 2. c4 dxc4 3. Nf3 Nf6 4. e3 e6 5. Bxc4 c5 6. O-O Nc6 7. Nc3 a6 8. a4 Be7 9. b3 O-O 10. Bb2 b6 11. Rc1 Bb7 12. Qe2 cxd4 13. Nxd4 Nxd4 14. exd4 Bb4 15. Rfd1 Bxc3 16. Bxc3 Nd5 17. Bxd5 Qxd5 18. Qg4 h5 19. Qg3 h4 20. Qg4 f5 21. Qg5 Rf6 22. Re1 h3 23. Re3 Qxg2+ 24. Qxg2 Bxg2 25. d5 f4 26. Rxe6 Bxd5 27. Rxf6 gxf6 28. b4 Kf7 29. Bd2 f3 30. Rc7+ Ke6 31. Kf1 b5 32. a5 Rg8 33. Bf4 Rg4 34. Bd2 Bc4+ 35. Ke1 Rg1# 0-1


[Site "https://www.chess.com"]

[Event "Titled Tuesday Blitz February 21 Early 2023"]
[White "Bon, Michael"]
[Black "Tologon tegin, Semetei"]
[WhiteFideId "620696"]
[BlackFideId "13800574"]
[WhiteElo "2394"]
[BlackElo "2372"]
[Result "1-0"]
[Round "07"]
[TimeControl "180+2"]
[Date "2023.02.21"]
[WhiteClock "0:00:50"]
[BlackClock "0:00:18"]

1. e4 c5 2. Nf3 Nc6 3. d4 cxd4 4. Nxd4 Nf6 5. Nc3 e5 6. Ndb5 d6 7. Bg5 a6 8. Na3 b5 9. Bxf6 gxf6 10. Nd5 f5 11. c3 Bg7 12. exf5 Bxf5 13. Nc2 O-O 14. Nce3 Be6 15. Bd3 f5 16. O-O e4 17. Nf4 Bf7 18. Bc2 Qd7 19. Bb3 Bh6 20. Bxf7+ Qxf7 21. Ned5 Kh8 22. a4 b4 23. cxb4 Nxb4 24. Qd4+ Bg7 25. Qxb4 Rab8 26. Qxd6 Rxb2 27. Qxa6 Rg8 28. Qe6 Qa7 29. Rab1 Ra2 30. Qxf5 Bd4 31. Ne6 e3 32. Nxe3 Qa8 33. Nxd4 1-0


[Site "https://www.chess.com"]

[Event "Titled Tuesday Blitz February 21 Early 2023"]
[White "Sargissyan, Sargis"]
[Black "Maksimenko, Viktor"]
[WhiteFideId "13303210"]
[BlackFideId "13710478"]
[WhiteElo "2234"]
[BlackElo "2196"]
[Result "0-1"]
[Round "07"]
[TimeControl "180+2"]
[Date "2023.02.21"]
[WhiteClock "0:00:02"]
[BlackClock "0:00:12"]

1. e4 e5 2. Nf3 Nc6 3. Bb5 a6 4. Ba4 Nf6 5. d3 b5 6. Bb3 Bc5 7. Nc3 d6 8. Nd5 h6 9. c3 Rb8 10. h3 Nxd5 11. Bxd5 Ne7 12. Bb3 Bb6 13. d4 exd4 14. cxd4 O-O 15. O-O Ng6 16. Be3 c5 17. Qd2 Bb7 18. Bc2 Re8 19. d5 Bc8 20. a4 Bd7 21. axb5 axb5 22. Rfe1 c4 23. Bxb6 Qxb6 24. Nd4 Ne5 25. Qe3 Qc5 26. f4 Ng6 27. Rad1 Ra8 28. Qg3 Ra2 29. Kh2 Rxb2 30. e5 dxe5 31. fxe5 Qxd5 32. Bxg6 fxg6 33. Qxg6 Rf8 34. e6 Be8 35. Qg3 Rff2 0-1


[Site "https://www.chess.com"]

[Event "Titled Tuesday Blitz February 21 Early 2023"]
[White "Danielyan, Vahe"]
[Black "Devaev, Alexander"]
[WhiteFideId "13304828"]
[BlackFideId "4169395"]
[WhiteElo "2346"]
[BlackElo "2325"]
[Result "1-0"]
[Round "07"]
[TimeControl "180+2"]
[Date "2023.02.21"]
[WhiteClock "0:01:32"]
[BlackClock "0:00:01"]

1. c4 c5 2. b3 Nf6 3. Bb2 e6 4. Nf3 Be7 5. e3 O-O 6. Be2 b6 7. O-O Bb7 8. d4 cxd4 9. Nxd4 d6 10. Nc3 a6 11. Bf3 Qc7 12. Rc1 Nbd7 13. Bxb7 Qxb7 14. Qe2 Rac8 15. Rfd1 Rfe8 16. h3 h6 17. Rd2 Nc5 18. f3 Nh7 19. Rcd1 Nf6 20. e4 Nh5 21. Qf2 Bg5 22. Rc2 Qe7 23. Nce2 Nf4 24. Nxf4 Bxf4 25. Ne2 Be5 26. Bxe5 dxe5 27. Rcd2 Rc7 28. Nc3 Rec8 29. Qg3 Nd7 30. Kh2 g6 31. h4 h5 32. Rd6 Kg7 33. R1d3 Kg8 34. Rd2 Kg7 35. Qg5 Kf8 36. Qh6+ Kg8 37. g3 Nf8 38. Na4 b5 39. Nb6 Rb8 40. Qe3 1-0


[Site "https://www.chess.com"]

[Event "Titled Tuesday Blitz February 21 Early 2023"]
[White "gshwbedhkhd"]
[Black "Silva, Pedro Gil Ferreira Da"]
[BlackFideId "1946102"]
[WhiteElo "2556"]
[BlackElo "2227"]
[Result "0-1"]
[Round "07"]
[TimeControl "180+2"]
[Date "2023.02.21"]
[WhiteClock "0:00:01"]
[BlackClock "0:01:12"]

1. e4 c6 2. d4 d5 3. e5 c5 4. Nf3 Nc6 5. dxc5 Bg4 6. Bb5 e6 7. b4 Qc7 8. Nbd2 Ne7 9. h3 Bh5 10. Bb2 a6 11. Ba4 O-O-O 12. a3 d4 13. g4 Bg6 14. Nc4 Nd5 15. Nd6+ Kb8 16. Bxc6 Qxc6 17. Nxd4 Qa4 18. c4 Qxd1+ 19. Rxd1 Nf4 20. Bc3 Be7 21. O-O h5 22. g5 Nxh3+ 23. Kh2 Nxg5 24. f4 Ne4 25. Bb2 h4 26. Rfe1 Nf2 27. Rd2 Nd3 28. Rxd3 Bxd3 29. Nxf7 Rxd4 30. Bxd4 Rf8 31. Nd6 Rxf4 32. Be3 Rf3 33. Kg2 Rf8 34. Rd1 Bf5 35. Nxf5 Rxf5 36. Rd7 Bg5 37. Bg1 Bf4 38. Rxg7 Bxe5 39. Re7 Rg5+ 40. Kh1 Rg6 41. b5 h3 42. b6 Kc8 43. c6 bxc6 44. c5 h2 45. Bf2 Rf6 46. Re8+ Kd7 0-1


[Site "https://www.chess.com"]

[Event "Titled Tuesday Blitz February 21 Early 2023"]
[White "UNSTOPPABLE_LEGEND"]
[Black "Fiorito, Francisco"]
[BlackFideId "180165"]
[WhiteElo "2437"]
[BlackElo "2305"]
[Result "1-0"]
[Round "07"]
[TimeControl "180+2"]
[Date "2023.02.21"]
[WhiteClock "0:00:06"]
[BlackClock "0:00:01"]

1. d4 Nf6 2. c4 b6 3. f3 Nc6 4. Nc3 e6 5. e4 e5 6. dxe5 Nxe5 7. Be3 Bc5 8. Qd2 O-O 9. O-O-O Bxe3 10. Qxe3 Ba6 11. b3 Qe7 12. Kb2 Qc5 13. Qxc5 bxc5 14. Nge2 Rab8 15. Kc2 d6 16. Nf4 Bb7 17. Be2 Bc6 18. g4 Rfe8 19. g5 Nfd7 20. h4 Nb6 21. h5 a6 22. g6 fxg6 23. hxg6 h6 24. Rdg1 Re7 25. Nfd5 Bxd5 26. cxd5 Rf8 27. Rg3 Rf6 28. Rhh3 Re8 29. Bxa6 Nxg6 30. Rh2 Ref8 31. Rhg2 Kh7 32. Bd3 Nd7 33. f4 Nxf4 34. e5+ Nxd3 35. Rxg7+ Kh8 36. exf6 Ne1+ 37. Kd2 Nxg2 38. Rxd7 Rxf6 39. a4 h5 40. a5 Rf8 41. Rxc7 Ra8 42. Nb5 Rxa5 43. Nxd6 h4 44. Nf7+ Kg8 45. d6 h3 46. Ne5 h2 47. d7 Ra2+ 48. Kc3 Ra8 49. Rc8+ Kg7 50. Rxa8 h1=Q 51. d8=Q Qc1+ 52. Kd3 Qd1+ 53. Ke4 Qe2+ 54. Kd5 Qd2+ 55. Kc6 Qf4 56. Qg8+ Kf6 57. Qg6+ Kxe5 58. Qd6+ Ke4 59. Re8+ Kf3 60. Rf8 1-0


[Site "https://www.chess.com"]

[Event "Titled Tuesday Blitz February 21 Early 2023"]
[White "Andrews, Todd"]
[Black "Fisher_TheGalactic"]
[WhiteFideId "2012456"]
[WhiteElo "2220"]
[BlackElo "2535"]
[Result "1-0"]
[Round "07"]
[TimeControl "180+2"]
[Date "2023.02.21"]
[WhiteClock "0:00:56"]
[BlackClock "0:00:04"]

1. e4 b6 2. d4 Bb7 3. Bd3 Nf6 4. Qe2 e6 5. Nf3 d5 6. e5 Nfd7 7. O-O c5 8. c3 Nc6 9. a3 h6 10. b4 c4 11. Bc2 Qc7 12. a4 Be7 13. b5 Na5 14. Ba3 Bxa3 15. Nxa3 O-O-O 16. Nd2 Kb8 17. f4 g6 18. Bd1 h5 19. Qe3 Rc8 20. Nc2 Nb3 21. Rb1 Nxd2 22. Qxd2 f5 23. Nb4 Nf8 24. Bf3 Qe7 25. Rb2 Nh7 26. Ra1 g5 27. a5 gxf4 28. Na6+ Bxa6 29. bxa6 Rc6 30. axb6 axb6 31. a7+ Ka8 32. Bd1 Ng5 33. Ba4 Rc7 34. Rxb6 Rg8 35. Qb2 Rcc8 36. Bc6+ Rxc6 37. Rb8+ 1-0


[Site "https://www.chess.com"]

[Event "Titled Tuesday Blitz February 21 Early 2023"]
[White "Martynov, Pavel"]
[Black "Spitzl, Vinzent"]
[WhiteFideId "4101260"]
[BlackFideId "12901253"]
[WhiteElo "2414"]
[BlackElo "2365"]
[Result "1-0"]
[Round "07"]
[TimeControl "180+2"]
[Date "2023.02.21"]
[WhiteClock "0:00:26"]
[BlackClock "0:00:31"]

1. e4 d5 2. exd5 Qxd5 3. Nc3 Qd8 4. d4 Nf6 5. Bc4 g6 6. Nf3 Bg7 7. O-O O-O 8. h3 a6 9. a4 Nc6 10. Re1 b6 11. Bf4 Bb7 12. d5 Nb4 13. Qd2 Nbxd5 14. Rad1 Nxc3 15. Qxc3 Qc8 16. Qb3 c6 17. Qxb6 e6 18. Be5 c5 19. Bd6 Rd8 20. Qxc5 Qd7 21. Ne5 Qxa4 22. Nxf7 Rdc8 23. Bc7 Bd5 24. Bxd5 Nxd5 25. Rxd5 exd5 26. Qxd5 Rxc7 27. Nh6+ Kh8 28. Qxa8+ 1-0


[Site "https://www.chess.com"]